 Dungeon Crawl Stone Soup version 0.26-a0-812-g31a745ddcd (webtiles) character file.

Game seed: 8261084632462649008

158 dmks the Magician (level 5, -3/31 HPs)
             Began as an Octopode Hedge Wizard on Nov 14, 2020.
             Was a Follower of Sif Muna.
             Slain by a wight
             ... wielding a cursed +4 great sword of freezing
              (13 damage)
             ... on level 5 of the Dungeon.
             The game lasted 00:11:32 (5703 turns).

dmks the Magician (Octopode Hedge Wizard)           Turns: 5703, Time: 00:11:33

Health: -3/31      AC:  1    Str:  9    XL:     5   Next: 40%
Magic:  6/11       EV: 14    Int: 17    God:    Sif Muna [*.....]
Gold:   154        SH:  0    Dex: 12    Spells: 9/12 levels left

rFire    . . .     SeeInvis .   a - +0 dagger
rCold    . . .     Faith    .   (no shield)
rNeg     . . .     Spirit   .   b - +0 hat
rPois    .         Reflect  .   (no amulet)
rElec    .         Harm     .   n - ring of resist corrosion
rCorr    +         Rampage  .   (no ring)
MR       .....                  (no ring)
Stlth    +++.......             (no ring)
HPRegen  0.10/turn              (no ring)
MPRegen  0.12/turn              (no ring)
                                (no ring)
                                (no ring)

@: very slightly contaminated, lightly drained
A: almost no armour, stealthy swim, amphibious, 8 rings, constrict 8, camouflage
1, gelatinous body 1
a: Channel Magic, Renounce Religion


You were on level 5 of the Dungeon.
You worshipped Sif Muna.
Sif Muna was aware of your devotion.
You visited 1 branch of the dungeon, and saw 7 of its levels.

You collected 154 gold pieces.

Inventory:

Hand Weapons
 a - a +0 dagger (weapon)
Armour
 b - a +0 hat (worn)
Jewellery
 n - a ring of resist corrosion (left tentacle)
   (You found it on level 2 of the Dungeon)
Wands
 t - a wand of flame (19)
   (You found it on level 7 of the Dungeon)
Scrolls
 d - 2 scrolls of teleportation {unknown}
 f - a scroll of fog {unknown}
 g - 7 scrolls of identify {unknown}
 h - a scroll of random uselessness {unknown}
 j - a scroll of enchant armour {unknown}
 k - a scroll of fear {unknown}
 m - 2 scrolls of amnesia {unknown}
 p - 2 scrolls of remove curse {unknown}
 r - a scroll of noise {unknown}
 s - 2 scrolls of magic mapping {unknown}
 u - a scroll of immolation {unknown}
Potions
 c - 2 potions of curing {unknown}
 e - 3 potions of degeneration {unknown}
 i - a potion of invisibility {unknown}
 l - 2 potions of heal wounds {unknown}
 o - 2 potions of lignification {unknown}
 q - a potion of mutation {unknown}
 v - a potion of berserk rage {unknown}


   Skills:
 + Level 3.0(2.6) Dodging
 + Level 4.0(3.7) Stealth
 * Level 4.1(3.7) Spellcasting
 + Level 2.3(1.9) Conjurations
 - Level 1.0(0.6) Summonings
   Level 1.0(0.6) Translocations
 + Level 0.9(0.5) Invocations


You had 9 spell levels left.
You knew the following spells:

 Your Spells              Type           Power        Failure   Level
a - Magic Dart            Conj           #...         7%          1
x - Call Imp              Summ           #.......     19%         2

Your spell library contained the following spells:

 Spells                   Type           Power        Failure   Level
 Blink                    Tloc           N/A          19%         2
 Slow                     Hex            #.......     24%         2
 Conjure Flame            Conj/Fire      #.......     32%         3
 Mephitic Cloud           Conj/Pois/Air  #.......     36%         3


Dungeon Overview and Level Annotations

Branches:
Dungeon (7/15)
 Temple: D:4-7

Altars:
Ashenzari
Dithmenos
Sif Muna
Zin

Annotations:
D:5 Prince Ribbit


Innate Abilities, Weirdness & Mutations

You cannot wear most types of armour.
You are very stealthy in the water. (Stealth+)
You are amphibious.
You can wear up to eight rings at the same time.
You can use your tentacles to constrict eight enemies at once.
Your skin changes colour to match your surroundings (Stealth+).
Your rubbery body absorbs attacks. (AC +1, EV +1)


Message History

The puff of frost hits the wight.
The wight resists.
The wight hits your white imp with a cursed +4 great sword of freezing!
The wight freezes your white imp.
Your white imp dies!
You feel less invigorated.
A shadowy apparition takes form in the air.
Your crimson imp blinks!
Your white imp hits the wight but does no damage.
Your crimson imp blinks!
The wight closely misses you.
Your shadow imp hits the wight but does no damage.
Your white imp barely misses the wight.
The wight hits your white imp with a cursed +0 great sword.
Your white imp barely misses the wight.
Your shadow imp hits the wight.
What are your orders? t - Shout!
Orders for allies: a - Attack new target. p - Attack previous target. r - Retreat! s - Stop attacking. g - Guard the area. f - Follow me.
Anything else - Cancel.
Gang up on whom?
Aim: a wight, wielding a +4 great sword of freezing and wearing a +0 robe (lightly damaged) Attack!
Your crimson imp hits the wight.
Your shadow imp closely misses the wight.
Your white imp gestures at the wight.
The puff of frost hits the wight.
The wight completely resists.
Your crimson imp barely misses the wight.
Your shadow imp closely misses the wight.
Your white imp hits the wight but does no damage.
You miscast Call Imp.
You are very lightly contaminated with residual magic.
Nothing appears to happen.
The wight closely misses you.
Your crimson imp closely misses the wight.
Your shadow imp closely misses the wight.
Your crimson imp disappears in a puff of smoke!
Your white imp hits the wight but does no damage.
Your white imp gestures at the wight.
The puff of frost hits the wight.
The wight resists.
The wight hits your shadow imp with a cursed +0 great sword!
Your shadow imp dies!
A beastly little devil appears in a puff of frigid air.
The wight hits you with a cursed +4 great sword of freezing!
* * * LOW HITPOINT WARNING * * *
The wight freezes you.
* * * LOW HITPOINT WARNING * * *
The wight hits your white imp with a cursed +0 great sword.
Your white imp hits the wight.
Your white imp freezes the wight.
The wight completely resists.
The wight hits you with a cursed +4 great sword of freezing!
You die...

#. ##### #....[...
..
#...#####.#...#F##.(
#.......#.#...#....
####....#.#......#
###.#.##.#.......
#..z.....#....##.##
#z#5............B.#
##5@#.§..)..>......#
#......###.####.##.#
#.#.#.#....#
##.#.#.#.####
##........#
.l......#.##
#.....#....#
#.....##.†.# ..#.#.
##..#


You could see an iguana (asleep), 2 wights and 2 friendly white imps.

Vanquished Creatures
  A hound skeleton (D:4)
  2 adders
  A shadow imp (D:7)
  3 oozes
  An adder skeleton (D:6)
  A worm (D:2)
  4 dart slugs (D:1)
  A leopard gecko (D:3)
  9 bats
  4 giant cockroaches
  13 goblins
  3 hobgoblins
  2 jackals (D:3)
  5 kobolds
  2 quokkas
  5 frilled lizards
  9 rats
66 creatures vanquished.

Vanquished Creatures (collateral kills)
  An orc wizard (D:3)
  A worm (D:3)
  A leopard gecko (D:5)
  6 orcs (D:3)
  A kobold (D:3)
  A leopard gecko zombie (D:5)
11 creatures vanquished.

Grand Total: 77 creatures vanquished

Notes
Turn   | Place    | Note
-------+----------+-------------------------------------------
     0 | D:1      | dmks the Octopode Hedge Wizard began the quest for the Orb.
     0 | D:1      | Reached XP level 1. HP: 11/11 MP: 4/4
   157 | D:1      | Reached XP level 2. HP: 17/17 MP: 1/6
   857 | D:1      | Reached XP level 3. HP: 21/21 MP: 4/7
  2511 | D:2      | Reached XP level 4. HP: 27/27 MP: 1/9
  2744 | D:2      | Found a shimmering blue altar of Sif Muna.
  2774 | D:2      | Became a worshipper of Sif Muna the Loreminder
  3157 | D:3      | Found a glowing silver altar of Zin.
  3689 | D:2      | Learned a level 2 spell: Call Imp
  4867 | D:3      | Reached XP level 5. HP: 30/31 MP: 4/10
  5064 | D:3      | Found a broken altar of Ashenzari.
  5175 | D:3      | Reached * piety under Sif Muna
  5398 | D:4      | You fall into a shaft and drop 3 floors!
  5415 | D:7      | Noticed a centaur
  5447 | D:7      | Found a shadowy altar of Dithmenos.
  5627 | D:6      | Noticed a phantom
  5632 | D:5      | Entered Level 5 of the Dungeon
  5632 | D:5      | Noticed Prince Ribbit
  5703 | D:5      | Slain by a wight

Illustrated notes

Levels and vault maps discovered:
D:1:      dpeg_arrival_pond, layout_basic, roderic_lattice_a, minivault_24
D:2:      layout_loops_corners, led_sif_pool
D:3:      layout_rooms, lemuel_doored_altar, nicolae_overflow_hidden_temple,
          kennysheep_generic_room_4
D:4:      layout_layer_cave
D:5:      layout_basic, old_standard_altar, nicolae_gozag_seed_capital,
          minmay_temple_entry_waves, serial_shops, nicolae_shop_behind_doors,
          minmay_misc_feat_columns, makhleb_blood_cavern_becter, uniq_ijyb,
          uniq_crazy_yiuf_cottage, uniq_eustachio, uniq_prince_ribbit1
D:6:      layout_basic, uniq_pikel
D:7:      layout_rooms, dancing_weapons_uskayaw, marbit_many_paths,
          gammafunk_ghost_grave, serial_park_tiny_pond, nicolae_zen_rock_garden

Skill      XL: |  1  2  3  4  5 |
---------------+----------------+-----
Stealth        | 3 4 |  4.0
Conjurations   | 2 |  2.3
Spellcasting   | 4 |  4.1
Dodging        | 3 |  3.0
Summonings     | |  1.0
Translocations | |  1.0
Invocations    | |  0.9

Action                   |  1- 3 |  4- 6 || total
-------------------------+-------+-------++-------
Melee: Dagger            |    11 |     6 ||    17
       Constrict         |     3 |     1 ||     4
       Tentacles         |     2 |     1 ||     3
 Cast: Magic Dart        |   115 |    88 ||   203
       Call Imp          |       |    19 ||    19
Invok: Channel Magic     |       |     1 ||     1
Armor: Skin              |     1 |       ||     1
Dodge: Dodged            |    11 |    26 ||    37

Table legend: (Time is in decaauts)
 A = Elapsed time spent in this place.
 B = Non-inter-level travel time spent in this place.
 C = Inter-level travel time spent in this place.
 D = Time resting spent in this place.
 E = Time spent auto-exploring this place.
 F = Levels seen in this place.
 G = Mean time per level.
                   A        B        C        D        E       F      G
               +--------+--------+--------+--------+--------+-----+--------+
         Total |   5703 |   5518 |    185 |   1085 |   3561 |   7 |  814.7 |
       Dungeon |   5703 |   5518 |    185 |   1085 |   3561 |   7 |  814.7 |
               +--------+--------+--------+--------+--------+-----+--------+

Top non-repeatable levels by time:
     D:1: 1871 daAuts
     D:2: 1797 daAuts
     D:3: 1645 daAuts
     D:7: 170 daAuts
     D:4: 85 daAuts
     D:5: 70 daAuts
     D:6: 62 daAuts
